 Dungeon Crawl Stone Soup version 0.17.1-1-g73c8601 (webtiles) character file.

4379 Andry07 the Blocker (level 10, -12/47 HPs)
             Began as a Vine Stalker Fighter on Dec 26, 2015.
             Was a Priest of the Shining One.
             Killed from afar by a frost giant (20 damage)
             ... with a bolt of cold
             ... on level 9 of the Dungeon.
             The game lasted 00:25:38 (5948 turns).

Andry07 the Blocker (Vine Stalker Fighter)          Turns: 5948, Time: 00:25:38

Health: -12/47     AC: 14    Str: 24    XL:     10   Next: 35%
Magic:  0/11       EV:  6    Int:  8    God:    the Shining One [***...]
Gold:   514        SH:  9    Dex: 15    Spells: 0 memorised, 9 levels left

rFire  . . .     SeeInvis .     G - +5 long sword (elec)
rCold  . . .     Clarity  +     v - +0 plate armour
rNeg   + . .     SustAt   .     u - +2 buckler
rPois  .         Gourm    .     (no helmet)
rElec  .         Spirit   +     m - +0 cloak
rCorr  .         Warding  .     t - +0 pair of gloves
rMut   .         Stasis   .     I - +0 pair of boots
MR     +....                    a - amulet of clarity
Stlth  ..........               (no ring)
                                x - +3 ring of strength

@: glowing, somewhat resistant to hostile enchantments, extremely unstealthy
A: fangs 3, regeneration 2, magic shield, antimagic bite, no device heal 3, rot
immunity
a: Divine Shield, Renounce Religion


You were on level 9 of the Dungeon.
You worshipped the Shining One.
The Shining One was most pleased with you.
You were full.

You visited 1 branch of the dungeon, and saw 9 of its levels.

You collected 514 gold pieces.

Inventory:

Hand Weapons
 d - a +3 scimitar of flaming
 G - a +5 long sword of electrocution (weapon)
Armour
 c - a +0 shield
 m - a +0 cloak (worn)
 t - a +0 pair of gloves (worn)
 u - a +2 buckler (worn)
 v - a +0 plate armour (worn)
 w - a +0 pair of boots
 I - a +0 pair of boots (worn)
Jewellery
 a - an amulet of clarity (around neck)
 x - a +3 ring of strength (left hand)
 D - an uncursed amulet of warding
 E - an uncursed amulet of the gourmand
Wands
 J - a wand of polymorph (10)
 N - a wand of flame (26)
 O - a wand of lightning (8)
Scrolls
 b - 2 scrolls of fog
 g - 3 scrolls of teleportation {unknown}
 h - a scroll of fear {unknown}
 n - 2 scrolls of recharging {unknown}
 q - a scroll of magic mapping {unknown}
 y - 2 scrolls of remove curse
 B - a scroll of identify
 H - a scroll of blinking {unknown}
 K - 2 scrolls of amnesia {unknown}
 L - a scroll of holy word {unknown}
Potions
 k - 3 potions of invisibility
 l - a potion of mutation {unknown}
 o - 2 potions of degeneration {unknown}
 p - 2 potions of brilliance {unknown}
 r - 7 potions of curing {unknown}
 s - 3 potions of flight {unknown}
 z - 2 potions of lignification {unknown}
 A - 2 potions of poison {unknown}
 C - a potion of cure mutation {unknown}
 F - 3 potions of heal wounds {unknown}
Comestibles
 e - 13 bread rations
 f - 2 fruits
 i - 3 beef jerkies
 j - 7 meat rations
 M - a royal jelly


   Skills:
 - Level 2.6 Fighting
 - Level 1.7 Long Blades
 - Level 2.4 Armour
 * Level 13.3 Shields


You had 9 spell levels left.
You didn't know any spells.

Dungeon Overview and Level Annotations

Branches:
Dungeon (9/15)             Temple (0/1) D:6
   Lair: D:8-11         Orc: D:9-12

Altars:
Ashenzari
Cheibriados
Elyvilon
Kikubaaqudgha
Nemelex Xobeh
Qazlal
Ru
Sif Muna
Xom
Yredelemnul
The Shining One

Shops:
D:6 =


Innate Abilities, Weirdness & Mutations

You have razor-sharp teeth.
You heal very quickly.
When hurt, damage is shared between your health and your magic reserves.
Your bite disrupts and absorbs the magic of your enemies.
Potions and wands cannot restore your health.
You are immune to rotting.


Message History

You destroy the giant frog skeleton!
The Shining One accepts your kill. The giant frog hits you.
The jelly jiggles.
You slash the giant frog! Your bite misses the giant frog.
The giant frog is heavily wounded.
The giant frog barely misses you. x2
You barely miss the giant frog. You bite the giant frog. You drain its power.
The giant frog is severely wounded.
The giant frog hits you.
You barely miss the frost giant.
The frost giant gestures at you while chanting.
The bolt of cold hits you!
There is an open door here.
The frost giant points at you and mumbles some strange words.
The bolt of cold hits you!
* * * LOW HITPOINT WARNING * * *
The frost giant points at you and mumbles some strange words.
The bolt of cold hits you!
You die...

##.##.#
#.# .#
#### #.. $
#..# ### #
##F#
#F#.J#
#C#FF#
#.#xy#
#.#..#
#@#..#
#.#++#
#.#(/# #
#.#==#.#
#####
#.####.#
#...####
##....#
.._....##
####''####
........#
#..#..#..#
........#
#..#..#..#


You could see a frost giant and 2 giant frogs.

Vanquished Creatures
  Psyche (D:8)
  Prince Ribbit (D:6)
  A spriggan (D:8)
  Sigmund (D:2)
  Eustachio (D:4)
  A hippogriff (D:7)
  Grum (D:8)
  3 wolves (D:8)
  Edmund (D:6)
  A black bear (D:8)
  A phantom (D:7)
  A sky beast (D:8)
  3 ogres
  4 centaurs (D:8)
  Blork the orc (D:4)
  The ghost of Andry07 the Shield-Bearer, an amateur VSFi (D:3)
  A giant frog (D:7)
  3 scorpions (D:6)
  3 killer bees (D:7)
  3 wights (D:8)
  4 crimson imps
  3 hounds
  A gnoll shaman (D:4)
  3 iguanas
  A jelly (D:5)
  A centaur skeleton (D:4)
  3 giant frog skeletons
  7 orc wizards
  A quasit (D:9)
  An orc priest (D:7)
  2 worker ants
  2 hound skeletons
  A worker ant zombie (D:8)
  14 gnolls
  11 adders
  3 oozes
  A shadow imp (D:7)
  A worm (D:2)
  3 adder skeletons
  5 giant geckos
  25 orcs
  3 giant cockroaches
  6 goblins
  6 hobgoblins
  14 jackals
  2 ball pythons
  4 bats
  A giant gecko skeleton (D:9)
  6 giant newts
  5 kobolds
  3 quokkas
  4 rats
180 creatures vanquished.

Vanquished Creatures (others)
  A worker ant (D:4)
1 creature vanquished.

Grand Total: 181 creatures vanquished

Notes
Turn   | Place    | Note
--------------------------------------------------------------
     0 | D:1      | Andry07 the Vine Stalker Fighter began the quest for the Orb.
     0 | D:1      | Reached XP level 1. HP: 11/11 MP: 2/2
   143 | D:1      | Reached skill level 3 in Shields
   143 | D:1      | Reached XP level 2. HP: 14/16 MP: 3/3
   339 | D:1      | Reached XP level 3. HP: 15/19 MP: 1/4
   678 | D:1      | You fall through a shaft!
   679 | D:2      | Found a stormy altar of Qazlal.
   821 | D:2      | Found a sparkling altar of Nemelex Xobeh.
   852 | D:2      | Reached skill level 4 in Shields
   954 | D:2      | Noticed Sigmund
   966 | D:2      | Killed Sigmund
   966 | D:2      | Reached skill level 5 in Shields
   966 | D:2      | Reached XP level 4. HP: 10/23 MP: 5/5
   966 | D:2      | Reached XP level 5. HP: 11/27 MP: 6/6
  1371 | D:3      | Noticed Andry07's ghost (amateur VSFi)
  1392 | D:2      | Gained mutation: You heal very quickly. [Vine Stalker growth]
  1392 | D:2      | Reached XP level 6. HP: 30/32 MP: 7/7
  1400 | D:2      | Reached skill level 6 in Shields
  1416 | D:3      | Killed Andry07's ghost
  2013 | D:4      | Found a basalt altar of Yredelemnul.
  2016 | D:4      | Found a glowing golden altar of the Shining One.
  2018 | D:4      | Noticed an angel
  2023 | D:4      | Became a worshipper of the Shining One
  2033 | D:4      | Noticed a profane servitor
  2097 | D:4      | Noticed Eustachio
  2133 | D:4      | Reached skill level 7 in Shields
  2133 | D:4      | Reached XP level 7. HP: 10/35 MP: 8/8
  2231 | D:4      | Killed Eustachio
  2287 | D:4      | Noticed Blork the orc
  2295 | D:4      | Killed Blork the orc
  2374 | D:4      | Reached skill level 8 in Shields
  2662 | D:5      | Entered Level 5 of the Dungeon
  2779 | D:5      | Gained mutation: You have razor-sharp teeth. [Vine Stalker growth]
  2779 | D:5      | Reached XP level 8. HP: 32/39 MP: 7/9
  3054 | D:5      | Reached skill level 9 in Shields
  3214 | D:6      | Reached * piety under the Shining One
  3230 | D:6      | Found a shattered altar of Ashenzari.
  3261 | D:6      | Found a shimmering altar of Xom.
  3314 | D:6      | Found Wotod's Jewellery Shop.
  3466 | D:6      | Found a staircase to the Ecumenical Temple.
  3618 | D:6      | Noticed Edmund
  3622 | D:6      | Killed Edmund
  3622 | D:6      | Reached skill level 10 in Shields
  3816 | D:6      | Noticed Prince Ribbit
  3824 | D:6      | Killed Prince Ribbit
  4022 | D:7      | Reached XP level 9. HP: 43/43 MP: 10/10
  4174 | D:7      | Reached skill level 11 in Shields
  4637 | D:8      | Noticed Psyche
  4645 | D:8      | Killed Psyche
  4743 | D:8      | Reached ** piety under the Shining One
  4748 | D:8      | Reached skill level 12 in Shields
  4805 | D:8      | Reached XP level 10. HP: 16/47 MP: 4/11
  5116 | D:8      | Reached skill level 13 in Shields
  5175 | D:8      | Noticed Grum
  5180 | D:8      | Killed Grum
  5543 | D:9      | Found a sacrificial altar of Ru.
  5765 | D:9      | Found a white marble altar of Elyvilon.
  5770 | D:9      | Found a snail-covered altar of Cheibriados.
  5771 | D:9      | Found a deep blue altar of Sif Muna.
  5771 | D:9      | Found an ancient bone altar of Kikubaaqudgha.
  5937 | D:9      | Noticed a frost giant
  5937 | D:9      | Noticed a hornet
  5939 | D:9      | Noticed an unseen horror
  5939 | D:9      | Reached *** piety under the Shining One
  5948 | D:9      | Killed from afar by a frost giant

Action                   |  1- 3 |  4- 6 |  7- 9 | 10-12 || total
-------------------------+-------+-------+-------+-------++-------
Melee: Long sword        |   100 |   136 |    29 |    33 ||   298
       Scimitar          |       |       |   209 |    53 ||   262
  Use: Potion            |       |     1 |       |       ||     1
       Scroll            |       |       |     6 |     3 ||     9
  Eat: Chunk             |       |     4 |    23 |    13 ||    40
       Pizza             |       |       |       |     1 ||     1
